 Dungeon Crawl Stone Soup version 0.31-a0-233-g139696dc86 (webtiles) character file.

Game seed: 11479268551087323778

23 qw the Shooter (level 2, -1/24 HPs)
             Began as a Minotaur Hexslinger on July 8, 2023.
             Slain by an adder (4 damage)
             ... on level 2 of the Dungeon.
             The game lasted 00:00:21 (1170 turns).

qw the Shooter (Minotaur Hexslinger)                Turns: 1170, Time: 00:00:21

Health: -1/24      AC:  3    Str: 18    XL:     2   Next: 72%
Magic:  2/2        EV: 12    Int: 10    God:
Gold:   26         SH:  0    Dex: 12    Spells: 2/3 levels left

rFire   . . .        Y - +1 sling
rCold   . . .        (no shield)
rNeg    . . .        d - +0 leather armour
rPois   .            (helmet restricted)
rElec   .            (no cloak)
rCorr   .            (no gloves)
SInv    .            (no boots)
Will    .....        (no amulet)
Stlth   +            e - +6 ring of strength
HPRegen 0.24/turn    (no ring)
MPRegen 0.08/turn

%: no passive effects
@: lethally poisoned (-1 -> -3), about to teleport
A: horns 2, retaliatory headbutt
a: no special abilities


You were on level 2 of the Dungeon.
You visited 1 branch of the dungeon, and saw 2 of its levels.

You collected 117 gold pieces.
You spent 91 gold pieces at shops.


Innate Abilities, Weirdness & Mutations

You have a pair of horns on your head.
You reflexively headbutt those who attack you in melee.


   Skills:
 - Level 2.0 Fighting
 + Level 3.3 Ranged Weapons
 - Level 2.1 Dodging
 - Level 1.0 Spellcasting
 - Level 2.0 Hexes


You had 2 spell levels left.
You knew the following spells:

 Your Spells              Type           Power      Damage    Failure   Level
a - Slow                  Hex            16%        N/A       19%         1

Your spell library contained the following spells:

 Spells                   Type           Power      Damage    Failure   Level
 Inner Flame              Hex/Fire       2%         N/A       63%         3
 Portal Projectile        Hex/Tloc       4%         N/A       63%         3
 Cause Fear               Hex            2%         N/A       87%         4

Inventory:

Hand Weapons
 Y - a +1 sling (weapon)
Armour
 d - a +0 leather armour (worn)
Jewellery
 e - a +6 ring of strength (left hand)
Scrolls
 a - 2 scrolls of teleportation
Potions
 b - 2 potions of curing
 c - a potion of heal wounds {unknown}

Dungeon Overview and Level Annotations

Branches:
Dungeon (2/15)

Altars:

Shops:
D:2 !*!![


Message History

Enter note:
Enter note:
Enter note:
Enter note:
Enter note:
Enter note: You shoot a sling bullet.
The sling bullet closely misses the adder.
You shoot a sling bullet.
The sling bullet barely misses the adder.
The adder bites you. The adder bites you but does no damage.
You shoot a sling bullet.
The sling bullet closely misses the adder.
The adder bites you. x2
You are poisoned.
The adder poisons you!
You shoot a sling bullet.
The sling bullet closely misses the adder.
You feel sick. The adder bites you but does no damage.
You shoot a sling bullet. The sling bullet hits the adder.
The adder is heavily wounded.
You feel sick. The adder bites you. The adder bites you but does no damage.
You shoot a sling bullet.
The sling bullet barely misses the adder.
You feel sick. The adder bites you.
You are more poisoned.
The adder poisons you! The adder bites you but does no damage.
You shoot a sling bullet.
The sling bullet closely misses the adder.
You feel sick. The adder closely misses you. You furiously retaliate!
You headbutt the adder, but do no damage.
The adder bites you.
1169 ||| READING 3 scrolls of teleportation.
As you read the scroll of teleportation, it crumbles to dust.
You feel strangely unstable.
You feel sick. The adder bites you.
You shoot a sling bullet.
The sling bullet closely misses the adder.
You feel sick. The adder misses you. The adder bites you.
You die...

.................
#.\............#####
.#####...#####.# ..# .#
#....... # \. .#
#...#### .. .#####...#
.# .........# .# ..##
#...# #####S### ..#
###.## ##...@...#
#.###..#.###......#<....
#.##.#...............###
.........###.....##.##
....#.#..# ##...## .#
#...#.##.# ##..... #
......##.# ..####
....####.# #.##
.........#


You could see an adder.

Vanquished Creatures
  A bat (D:1)
  An endoplasm (D:1)
  3 giant cockroaches
  A goblin (D:1)
  3 hobgoblins (D:1)
  2 quokkas
  2 ball pythons
  A frilled lizard (D:1)
  3 kobolds
  2 rats (D:1)
19 creatures vanquished.

Notes
Turn   | Place    | Note
-------+----------+-------------------------------------------
     0 | D:1      | qw the Minotaur Hexslinger began the quest for the Orb.
     0 | D:1      | Reached XP level 1. HP: 16/16 MP: 1/1
     0 | D:1      | 0 ||| qw: Version: 0.3-a-46-gb1f654a
     0 | D:1      | 0 ||| qw: Game counter: 3731
     0 | D:1      | 0 ||| qw: Melee chars always use a shield: true
     0 | D:1      | 0 ||| qw: God list: Okawaru
     0 | D:1      | 0 ||| qw: Allow faded altars: false
     0 | D:1      | 0 ||| qw: Do Orc after clearing Dungeon:15 true
     0 | D:1      | 0 ||| qw: Do second Lair branch before Depths: true
     0 | D:1      | 0 ||| qw: Lair rune preference: random
     0 | D:1      | 0 ||| qw: Goals: Normal
     0 | D:1      | 0 ||| PLANNING D:1-11
   172 | D:1      | Reached skill level 3 in Ranged Weapons
   203 | D:1      | Reached XP level 2. HP: 20/23 MP: 2/2
   846 | D:1      | 846 ||| UPGRADING to +0 leather armour.
   856 | D:1      | 856 ||| DROPPING +0 robe.
   857 | D:1      | 857 ||| UPGRADING to +6 ring of strength.
   858 | D:1      | 858 ||| READING 3 scrolls labelled ULAMOA CISCHUSM.
   861 | D:1      | 861 ||| DROPPING scroll of poison.
   883 | D:2      | Found Qen Dad's Distillery.
   906 | D:2      | 906 ||| SHOPLISTING potion of cancellation (96 gold, have
                  | 89).
   906 | D:2      | 906 ||| BUYING potion of curing (36 gold).
   906 | D:2      | Bought a potion of curing for 36 gold pieces
   906 | D:2      | 906 ||| BUYING potion of curing (36 gold).
   906 | D:2      | Bought a potion of curing for 36 gold pieces
   906 | D:2      | 906 ||| SHOPLISTING potion of heal wounds (60 gold, have
                  | 17).
   906 | D:2      | 906 ||| SHOPLISTING potion of might (48 gold, have 17).
   973 | D:2      | Found Gevvuikh's Distillery.
   984 | D:2      | 984 ||| SHOPLISTING 2 potions of heal wounds (130 gold,
                  | have 17).
   984 | D:2      | 984 ||| SHOPLISTING potion of cancellation (104 gold, have
                  | 17).
   984 | D:2      | 984 ||| SHOPLISTING potion of curing (39 gold, have 17).
   984 | D:2      | 984 ||| SHOPLISTING potion of enlightenment (65 gold, have
                  | 17).
   984 | D:2      | 984 ||| SHOPLISTING potion of heal wounds (65 gold, have
                  | 17).
   984 | D:2      | 984 ||| SHOPLISTING potion of might (52 gold, have 17).
  1025 | D:2      | Found Siralosiz's Distillery.
  1031 | D:2      | Found Dadaufuc's Assorted Antiques.
  1035 | D:2      | 1035 ||| SHOPLISTING 2 potions of heal wounds (140 gold,
                  | have 31).
  1035 | D:2      | 1035 ||| SHOPLISTING potion of cancellation (112 gold, have
                  | 31).
  1035 | D:2      | 1035 ||| SHOPLISTING potion of curing (42 gold, have 31).
  1035 | D:2      | 1035 ||| SHOPLISTING potion of enlightenment (70 gold, have
                  | 31).
  1035 | D:2      | 1035 ||| SHOPLISTING potion of heal wounds (70 gold, have
                  | 31).
  1035 | D:2      | 1035 ||| SHOPLISTING potion of might (56 gold, have 31).
  1035 | D:2      | 1035 ||| SHOPLISTING potion of resistance (140 gold, have
                  | 31).
  1042 | D:2      | 1042 ||| SHOPLISTING +0 mask of the Dragon {Will+ Slay+3
                  | SInv} (734 gold, have 31).
  1042 | D:2      | 1042 ||| SHOPLISTING copper wand (88 gold, have 31).
  1042 | D:2      | 1042 ||| SHOPLISTING embroidered cloak (165 gold, have 31).
  1042 | D:2      | 1042 ||| SHOPLISTING garnet ring (110 gold, have 31).
  1042 | D:2      | 1042 ||| BUYING orange potion (19 gold).
  1042 | D:2      | Bought an orange potion for 19 gold pieces
  1042 | D:2      | 1042 ||| SHOPLISTING peridot ring (110 gold, have 12).
  1042 | D:2      | 1042 ||| SHOPLISTING silver wand (88 gold, have 12).
  1161 | D:2      | Found Umycsue's Armour Shoppe.
  1168 | D:2      | HP: 5/24 [adder (4)]
  1169 | D:2      | 1169 ||| READING 3 scrolls of teleportation.
  1170 | D:2      | Slain by an adder

Levels and vault maps discovered:
D:1:      dpeg_arrival_circle_labyrinth_c, layout_basic, minmay_unequal
D:2:      layout_loops_cross, serial_shops, shop, shop, shop, shop, shop,
          chequers_arboretum

Skill      XL: |  1  2 |
---------------+-------+-----
Ranged Weapons | 3 |  3.3
Fighting       | 2 |  2.0
Dodging        | |  2.1
Spellcasting   | |  1.0
Hexes          | |  2.0

Action                     || total
---------------------------++-------
   Fire: Sling             ||    76
    Use: Scroll            ||     2
 Armour: Robe              ||     5
         Leather armour    ||     4
  Dodge: Dodged            ||    22

Table legend:
 A = Non-vault XP
 B = Vault XP
 C = Vault XP percentage of total XP
 D = Non-vault monster count
 E = Vault monster count
 F = Vault count percentage of total count
                 A         B        C        D         E       F
            +---------+---------+-------+---------+---------+-------
      Total |      31 |       2 |   6.1 |      18 |       1 |   5.3
            +---------+---------+-------+---------+---------+-------
        D:1 |      21 |       2 |   8.7 |      13 |       1 |   7.1
        D:2 |      10 |       0 |   0.0 |       5 |       0 |   0.0
            +---------+---------+-------+---------+---------+-------
